Map: Taito Citadel LE

Players

SKillous - Winner!

  • Race: Protoss Protoss
  • League: Master
  • Spawn Location: 11:00

LetaleX

  • Race: Protoss Protoss
  • League: Grandmaster
  • Spawn Location: 5:00

VOD

Have the link to the VOD?

Description

Time

  • Played on: Jan. 31, 2026, 3:02 p.m.
  • Length: 7:49
Show
View Real Time Build Order
Export as new Build Order

SKillous Protoss - Winner!

Build Orders: Mass Adepts 

Get SALT Encoding   

  12  0:00  Probe  
  13  0:12  Probe  
  14  0:17  Pylon  
  14  0:23  Probe  
  15  0:31  Probe  
  15  0:36  Gateway  
  15  0:39  Probe  
  16  0:46  Assimilator  
  17  0:51  Probe  
  17  0:54  Assimilator  
  18  0:59  Probe  
  19  1:07  Gateway  
  19  1:08  Probe  
  19  1:18  Probe  
  20  1:25  Cybernetics Core  
  21  1:30  Probe  
  22  1:37  Pylon  
  22  1:42  Probe  
  23  2:01  Robotics Facility  
  23  2:02  Adept x2  
  23  2:04  Warp Gate  
  27  2:09  Pylon  
  27  2:32  Adept x2  
  31  2:38  Immortal  
  35  2:51  Gateway  
  35  2:58  Pylon  
  35  3:03  Adept  
  39  3:07  Adept  
  39  3:13  Warp Prism  
  41  3:28  Pylon  
  41  3:51  Immortal  
  41  3:55  Sentry, Adept  
  45  3:57  Sentry  
  49  4:19  Adept x3  
  49  4:22  Pylon  
  53  4:39  Stalker  
  53  4:42  Stalker x2  
  47  4:57  Sentry  
  49  5:09  Adept x2  
  53  5:16  Immortal  
  55  5:40  Adept x3  
  59  5:43  Robotics Bay  
  59  6:08  Pylon  
  59  6:21  Disruptor  
  63  6:32  Adept x3  
  63  6:39  Pylon  
  69  6:53  Adept  
  71  6:56  Pylon  
  71  6:57  Adept x2  
  75  7:22  Adept x3  
  77  7:26  Stalker x3  
Show
View Real Time Build Order
Export as new Build Order

LetaleX Protoss 

Build Orders: Phoenix Opening 

Get SALT Encoding   

  12  0:00  Probe  
  13  0:12  Probe  
  14  0:17  Pylon  
  14  0:24  Probe  
  15  0:32  Probe  
  15  0:36  Gateway  
  15  0:40  Probe  
  16  0:46  Assimilator  
  17  0:51  Probe  
  17  0:54  Assimilator  
  18  1:00  Probe  
  19  1:07  Gateway  
  19  1:09  Probe  
  19  1:18  Probe  
  20  1:23  Cybernetics Core  
  21  1:30  Probe  
  22  1:33  Pylon  
  22  1:42  Probe  
  23  1:54  Probe  
  23  1:59  Phoenix, Sentry, Warp Gate  
  26  2:12  Nexus  
  26  2:19  Pylon  
  26  2:22  Sentry  
  26  2:27  Stalker  
  29  2:33  Probe  
  31  2:39  Shield Battery  
  31  2:45  Sentry  
  33  2:52  Gateway  
  33  2:57  Stalker  
  35  3:07  Shield Battery  
  35  3:14  Probe  
  35  3:17  Sentry  
  38  3:20  Shield Battery  
  38  3:33  Shield Battery  
  38  3:39  Shield Battery  
  38  3:43  Probe  
  39  3:52  Stalker x3  
  39  3:55  Probe  
  46  3:56  Probe  
  46  4:01  Shield Battery  
  47  4:18  Adept x2, Shield Battery  
  47  4:19  Sentry  
  47  4:23  Pylon  
  53  4:44  Adept x2  
  53  4:45  Adept  
  57  5:09  Stalker x2  
  57  5:10  Stalker  
  58  5:23  Shield Battery  
  58  5:28  Pylon, Probe, Shield Battery  
  59  5:34  Adept x2  
  59  5:35  Adept  
  61  5:42  Probe  
  62  5:45  Pylon  
  62  5:55  Stalker x2  
  66  6:07  Sentry  
  66  6:10  Stargate  
  64  6:19  Zealot x2  
  58  6:33  Stalker  
  58  6:34  Probe  
  58  6:38  Probe  
  62  6:42  Zealot x2  
  66  6:51  Void Ray  
  62  6:58  Zealot  
  68  7:08  Stalker x2  
  52  7:31  Zealot x3  
Tags
 
Add a new tag
Caveats
  • Supply blocks, unpowered buildings, or Contaminate may cause inaccurate times.
  • Supply counts are checked every 10 seconds.